 Dungeon Crawl Stone Soup version 0.27.1-4-g1640c2035a (webtiles) character file.

Game seed: 3916353298523290088

127 zeram the Chopper (level 5, 0/47 HPs)
             Began as a Hill Orc Fighter on Nov 15, 2021.
             Slain by an orc priest (3 damage)
             ... on level 3 of the Dungeon.
             The game lasted 00:05:06 (3831 turns).

zeram the Chopper (Hill Orc Fighter)                Turns: 3831, Time: 00:05:06

Health: 0/47       AC:  7    Str: 20    XL:     5   Next: 11%
Magic:  2/14       EV:  7    Int:  8    God:
Gold:   139        SH:  9    Dex: 10    Spells: 4/4 levels left

rFire    . . .     SeeInvis .   a - +0 war axe
rCold    . . .     Faith    .   c - +0 kite shield
rNeg     . . .     Spirit   .   b - +0 scale mail
rPois    .         Reflect  .   (no helmet)
rElec    .         Harm     .   (no cloak)
rCorr    .         Rampage  .   (no gloves)
Will     .....                  (no boots)
Stlth    ..........             (no amulet)
HPRegen  0.15/turn              g - ring of magical power
MPRegen  0.14/turn              (no ring)

@: no status effects
A: no striking features
a: Convert to Beogh


You were on level 3 of the Dungeon.
You visited 1 branch of the dungeon, and saw 4 of its levels.

You collected 139 gold pieces.

Inventory:

Hand Weapons
 a - a +0 war axe (weapon)
Armour
 b - a +0 scale mail (worn)
 c - a +0 kite shield (worn)
Jewellery
 g - a ring of magical power (left hand)
Scrolls
 e - a scroll of identify
 h - a scroll of teleportation
 k - 4 scrolls of enchant armour
 l - a scroll of amnesia
 n - a scroll of brand weapon {unknown}
 q - 2 scrolls of immolation {unknown}
Potions
 d - a potion of might
 f - a potion of berserk rage
 i - a potion of brilliance {unknown}
 j - a potion of haste {unknown}
 m - a potion of degeneration {unknown}
 o - a potion of lignification {unknown}
 p - a potion of invisibility {unknown}
 r - a potion of heal wounds {unknown}


   Skills:
 + Level 4.3 Fighting
 + Level 4.8 Axes
 + Level 4.1 Armour
 + Level 3.9 Shields


You had 4 spell levels left.
You didn't know any spells.
Your spell library contained the following spells:

 Spells                   Type           Power      Damage    Failure   Level
 Stone Arrow              Conj/Erth      0%         3d7       100%        3
 Bolt of Magma            Conj/Fire/Erth 0%         4d4       100%        5
 Shatter                  Erth           0%         3d5*      100%        9


Dungeon Overview and Level Annotations

Branches:
Dungeon (4/15)
 Temple: D:4-7

Altars:

Shops:
D:3 [::


Message History

The orc's wounds heal themselves!
The orc hits you but does no damage.
The orc priest begins to cast a cantrip, but forgets the words!
You closely miss the orc priest.
The orc priest shouts, "Surrender to Beogh and we'll let you live!"
The orc priest is severely wounded.
The orc priest shouts, "Join the one true god or die!"
You hit the orc.
The orc priest begins to cast a cantrip, but forgets the words!
The orc hits you with a +1 antimagic trident!
You feel your power leaking away. The orc priest completely misses you.
The orc priest casts a cantrip, but nothing happens.
The orc hits you with a +1 antimagic trident.
You feel your power leaking away.
You barely miss the orc priest.
The orc priest is severely wounded.
You hit the orc.
The orc priest calls down the wrath of Beogh upon you.
Beogh smites you!
The orc hits you with a +1 antimagic trident!
* * * LOW HITPOINT WARNING * * *
You feel your power leaking away.
The orc priest hits you but does no damage.
The orc hits you from afar with a +1 antimagic trident.
* * * LOW HITPOINT WARNING * * *
You feel your power leaking away.
There is a stone staircase leading up, spattered with blood here.
You block the orc's attack. You block the orc priest's attack.
You climb upwards.
There is a stone staircase leading down here.
You hit the orc priest but do no damage.
The orc priest is severely wounded.
The orc priest hits you with a +0 short sword of flaming.
* * * LOW HITPOINT WARNING * * *
The orc priest burns you.
* * * LOW HITPOINT WARNING * * *
You barely miss the orc priest.
The orc priest is severely wounded.
The orc priest hits you with a +0 short sword of flaming.
You die...

##.#### #∩.∩.# #.##.###.....#...
#.# #.##.###.##.#####.#>..##
##'## #.##.....##.......##.##
#...## #.#####..###########.#
.....## #.### #..# ####.# #
......# #.#.###..# ##.##.###
......# #........#######...#.##.
.....######.....o..............≈≈
.....##≈# #.....@[#######.....≈≈.
.....##≈####.#.#.## ##.#.≈≈..
.....#≈≈≈###.#.#.# #####..≈≈
#...##≈≈≈≈##.....# #.......#
##+###≈≈≈≈####.### ##.###.#.#
.....#≈≈≈≈# #.# #......#.#
≈≈≈≈≈≈≈.≈≈## #.# ##..#####.#
≈≈≈≈≈≈≈≈≈≈.# #.# #...# #.#
≈≈≈≈≈≈≈≈≈.## #.# #.#.#####.#


You could see an orc priest.

Vanquished Creatures
  4 adders (D:2)
  3 worms (D:2)
  2 dart slugs
  8 orcs (D:3)
  11 endoplasms
  A giant cockroach (D:2)
  3 hobgoblins
  3 jackals (D:2)
  7 kobolds
  3 quokkas
  7 ball pythons
  5 bats
  3 frilled lizards
  4 goblins
  3 rats
67 creatures vanquished.

Notes
Turn   | Place    | Note
-------+----------+-------------------------------------------
     0 | D:1      | zeram the Hill Orc Fighter began the quest for the Orb.
     0 | D:1      | Reached XP level 1. HP: 19/19 MP: 1/1
   418 | D:1      | Reached XP level 2. HP: 27/27 MP: 2/2
  1169 | D:2      | Reached XP level 3. HP: 32/33 MP: 3/3
  1554 | D:2      | Reached XP level 4. HP: 34/40 MP: 4/4
  2061 | D:2      | Found a faded altar of an unknown god.
  2723 | D:3      | Found Ycavvie's Antique Armour Emporium.
  2982 | D:3      | Found Usiavuekh's Book Boutique.
  3125 | D:3      | Reached XP level 5. HP: 43/47 MP: 5/5
  3286 | D:3      | Found Vonum's Book Emporium.
  3831 | D:3      | Slain by an orc priest

Illustrated notes

Levels and vault maps discovered:
D:1:      elethiomel_arrival_shortcut, layout_basic
D:2:      minmay_general_purpose_star, layout_loops_cross,
          hellmonk_ecumenical_altar_inner_sanctum
D:3:      layout_loops_corners, serial_shops,
          nicolae_shop_competitors_out_of_business,
          nicolae_shop_competitors_out_of_business, shop, serial_rivers,
          chequers_serial_rivers_room_a, chequers_serial_rivers_marsh,
          chequers_serial_rivers_small_b, chequers_serial_rivers_large_a
D:4:      layout_basic, old_standard_altar, minmay_manual_moon

Skill      XL: |  1  2  3  4 |
---------------+-------------+-----
Fighting       | 4 |  4.3
Axes           | 3 4 |  4.8
Armour         | 4 |  4.1
Shields        | |  3.9

Action                   |  1- 3 |  4- 6 || total
-------------------------+-------+-------++-------
Melee: War axe           |    83 |    99 ||   182
  Use: Scroll            |     6 |       ||     6
Armor: Scale mail        |    49 |    38 ||    87
Dodge: Dodged            |    20 |    25 ||    45
Block: Kite shield       |    44 |    54 ||    98
